 Dungeon Crawl Stone Soup version 0.27-a0-287-gd4424db430 (webtiles) character file.

Game seed: 13020204172316240701

3475 tilp the Slicer (level 10, -5/49 HPs)
             Began as a Vine Stalker Brigand on Feb 8, 2021.
             Was an Elder of Makhleb.
             Slain by an orc warrior
             ... wielding a +0 battleaxe
              (14 damage)
             ... on level 8 of the Dungeon.
             The game lasted 00:16:19 (8763 turns).

tilp the Slicer (Vine Stalker Brigand)              Turns: 8763, Time: 00:16:19

Health: -5/49      AC: 15    Str: 16    XL:     10   Next: 6%
Magic:  0/14       EV:  2    Int: 11    God:    Makhleb [****..]
Gold:   697        SH:  7    Dex: 17    Spells: 9/9 levels left

rFire    . . .     SeeInvis .   a - +2 dagger
rCold    . . .     Faith    .   r - +0 kite shield
rNeg     . . .     Spirit   +   g - +0 plate armour
rPois    .         Reflect  .   (no helmet)
rElec    .         Harm     .   c - +1 cloak
rCorr    .         Rampage  .   (no gloves)
Will     +....                  m - +2 pair of boots
Stlth    ..........             (no amulet)
HPRegen  0.56/turn              (no ring)
MPRegen  0.14/turn              (no ring)

@: about to teleport
A: fangs 3, regeneration 1, magic shield, antimagic bite, no potion heal 3
a: Renounce Religion, Minor Destruction, Lesser Servant of Makhleb, Major
Destruction


You were on level 8 of the Dungeon.
You worshipped Makhleb.
Makhleb was greatly pleased with you.
You visited 1 branch of the dungeon, and saw 8 of its levels.
You also visited: Ossuary.

You collected 900 gold pieces.
You spent 203 gold pieces at shops.

Inventory:

Hand Weapons
 a - a +2 dagger (weapon)
 b - a +0 short sword of protection
 w - a +0 rapier
 F - a +2 short sword of draining
Missiles
 d - 34 poisoned darts (quivered)
 e - 8 curare-tipped darts
 j - 2 boomerangs
Armour
 c - a +1 cloak (worn)
 g - a +0 plate armour (worn)
 m - a +2 pair of boots (worn)
 r - a +0 kite shield (worn)
Jewellery
 k - an uncursed ring of fire
Wands
 f - a wand of iceblast (3)
 t - a wand of digging (3)
Scrolls
 h - 4 scrolls of fear
 i - 3 scrolls of remove curse
 s - a scroll of summoning {unknown}
 v - 2 scrolls of immolation
 x - a scroll of fog {unknown}
 y - 3 scrolls of teleportation
 z - a scroll of enchant weapon {unknown}
 A - a scroll of magic mapping
 B - 4 scrolls of amnesia
 E - a scroll of acquirement {unknown}
 H - a scroll of identify
Potions
 l - 4 potions of haste
 n - 5 potions of lignification
 o - 2 potions of might
 p - 3 potions of brilliance
 q - 2 potions of flight
 u - 3 potions of curing
 C - 2 potions of cancellation {unknown}
 D - a potion of degeneration {unknown}
 G - 2 potions of attraction {unknown}


   Skills:
 - Level 4.0 Fighting
 - Level 10.0 Short Blades
 + Level 3.8 Throwing
 - Level 2.0 Dodging
 - Level 6.0 Stealth
 - Level 4.0 Invocations
 - Level 4.0 Evocations


You had 9 spell levels left.
You didn't know any spells.
Your spell library contained the following spells:

 Spells                   Type           Power        Failure   Level
 Beastly Appendage        Tmut           0%           100%        1
 Foxfire                  Conj/Fire      0%           100%        1
 Wereblood                Tmut           0%           100%        2
 Conjure Flame            Conj/Fire      0%           100%        3
 Inner Flame              Hex/Fire       0%           100%        3
 Spider Form              Tmut/Pois      0%           100%        3
 Ice Form                 Ice/Tmut       0%           100%        4
 Sticky Flame             Conj/Fire      0%           100%        4
 Blade Hands              Tmut           0%           100%        5
 Fireball                 Conj/Fire      0%           100%        5


Dungeon Overview and Level Annotations

Branches:
Dungeon (8/15)             Temple (0/1) D:5            Lair (0/6) D:8
Ossuary (visited)

Altars:
Cheibriados
Fedhas
Gozag
Makhleb
Okawaru
Qazlal
Ru
Trog
Uskayaw
Xom

Shops:
D:5 [   D:7 (   D:8 (


Innate Abilities, Weirdness & Mutations

You have razor-sharp teeth.
Your natural rate of healing is unusually fast.
When hurt, damage is shared between your health and your magic reserves.
Your bite disrupts and absorbs the magic of your enemies.
Potions cannot restore your health.


Message History

You hit the orc warrior but do no damage.
The orc warrior hits you with a +0 battleaxe!
You hit the orc warrior.
You bite the orc warrior, but do no damage.
The orc warrior is lightly wounded.
The orc warrior hits you but does no damage.
You barely miss the orc warrior. Your bite misses the orc warrior.
The orc warrior is lightly wounded.
The orc priest mumbles some strange prayers to Beogh against you.
Beogh smites you!
* * * LOW HITPOINT WARNING * * *
The orc warrior hits you with a +0 battleaxe.
* * * LOW HITPOINT WARNING * * *
The orc warrior hits you but does no damage.
As you read the scroll of teleportation, it crumbles to dust.
You feel strangely unstable.
The orc warrior hits you with a +0 hand axe!
* * * LOW HITPOINT WARNING * * *
The orc warrior hits you with a +0 battleaxe!
You die...

#......#####...####.. ######
##......###.......# ....<..... .
#.)...o.†##.......# ........
..##........##...)...# #.......
o.'..........†.......# #.......
####........###o....### #.......
...#........# ##...##..# #.......
...##......######o##....##.......
....#......#....@o# ....#.......
....########......# #...........
....'......'......# #.........
...####'####......# #.......#
..##....## #......# ##.....##
(##......###......# #...###
##........######### #..##
.#........###....## ##..##
.#...†....#.......## ###....#


You could see 2 orc warriors.

Vanquished Creatures
  A two-headed ogre (D:8)
  Sigmund (D:2)
  A wraith (Ossuary)
  Eustachio (D:4)
  2 black bears (D:8)
  An ogre (D:7)
  2 centaurs
  An elf zombie (Ossuary)
  2 kobold brigands
  A phantom (D:4)
  2 gnoll sergeants
  2 bullfrogs (D:6)
  A wyvern zombie (D:7)
  2 howler monkeys (D:6)
  A wight (D:8)
  8 hounds
  A bullfrog skeleton (D:5)
  4 orc priests
  3 iguanas
  2 orc wizards
  Natasha (thrice) (D:2)
  2 worker ants (D:7)
  A hound skeleton (D:5)
  3 mummies (Ossuary)
  A howler monkey zombie (D:6)
  2 worker ant zombies (D:7)
  19 gnolls
  17 adders
  2 shadow imps (D:8)
  4 white imps
  3 ufetubi
  An ooze (D:1)
  An adder skeleton (D:8)
  2 adder zombies (D:7)
  5 worms
  3 dart slugs
  3 leopard geckos
  29 orcs
  10 bats
  5 giant cockroaches
  A gnoll zombie (Ossuary)
  14 goblins
  7 hobgoblins
  14 jackals
  3 quokkas
  3 ball pythons
  3 frilled lizards
  A hobgoblin zombie (Ossuary)
  A jackal skeleton (D:4)
  23 kobolds
  3 kobold zombies (Ossuary)
  A leopard gecko zombie (D:6)
  7 rats
236 creatures vanquished.

Notes
Turn   | Place    | Note
-------+----------+-------------------------------------------
     0 | D:1      | tilp the Vine Stalker Brigand began the quest for the Orb.
     0 | D:1      | Reached XP level 1. HP: 11/11 MP: 2/2
    71 | D:1      | Reached skill level 2 in Short Blades
   156 | D:1      | Reached XP level 2. HP: 15/15 MP: 3/3
   410 | D:1      | Reached skill level 3 in Short Blades
   475 | D:1      | Reached XP level 3. HP: 17/18 MP: 2/4
   959 | D:2      | Noticed Sigmund
  1598 | D:2      | Gained mutation: Your natural rate of healing is unusually
                  | fast. [Vine Stalker growth]
  1598 | D:2      | Reached XP level 4. HP: 12/23 MP: 3/5
  1690 | D:2      | Reached skill level 4 in Short Blades
  1755 | D:2      | Killed Sigmund
  1756 | D:2      | Reached skill level 5 in Short Blades
  1756 | D:2      | Reached XP level 5. HP: 26/26 MP: 6/6
  1796 | D:2      | Reached XP level 6. HP: 30/30 MP: 7/7
  1900 | D:2      | Noticed Natasha
  1922 | D:2      | Killed Natasha
  2213 | D:2      | Noticed Natasha
  2233 | D:2      | Killed Natasha
  2264 | D:2      | Noticed Natasha
  2268 | D:2      | Killed Natasha
  2269 | D:2      | Reached skill level 6 in Short Blades
  2386 | D:3      | Found a burning altar of Makhleb.
  2426 | D:3      | Became a worshipper of Makhleb the Destroyer
  2737 | D:3      | Reached XP level 7. HP: 32/34 MP: 8/8
  2901 | D:3      | Reached * piety under Makhleb
  3020 | D:3      | Found a faded altar of an unknown god.
  3126 | D:3      | Reached skill level 7 in Short Blades
  3611 | D:4      | Found a blossoming altar of Fedhas.
  4125 | D:4      | Reached skill level 8 in Short Blades
  4285 | D:4      | Found a snail-covered altar of Cheibriados.
  4542 | D:4      | Found an opulent altar of Gozag.
  4542 | D:4      | Found a hide-covered altar of Uskayaw.
  4542 | D:4      | Found a sacrificial altar of Ru.
  4558 | D:4      | Noticed Eustachio
  4577 | D:4      | Killed Eustachio
  4577 | D:4      | Reached ** piety under Makhleb
  4578 | D:4      | Gained mutation: You have razor-sharp teeth. [Vine Stalker
                  | growth]
  4578 | D:4      | Reached XP level 8. HP: 37/38 MP: 9/9
  4759 | D:5      | Entered Level 5 of the Dungeon
  4759 | D:5      | Found Wuprim's Armour Boutique.
  4866 | D:5      | Got a translucent scale mail
  4905 | D:5      | Found a sand-covered staircase.
  4910 | Ossuary  | Entered an ossuary
  4910 | Ossuary  | Noticed a wraith
  4910 | Ossuary  | Noticed a wraith
  4910 | Ossuary  | Noticed a wraith
  5174 | Ossuary  | Reached skill level 9 in Short Blades
  5323 | Ossuary  | Noticed a wraith
  5350 | Ossuary  | Killed a wraith
  5401 | Ossuary  | Identified the cursed +1 scale mail of Objectivity {Rampage
                  | Regen+ Str-5 SInv} (You found it on level 5 of the Dungeon)
  5557 | D:5      | Found a stormy altar of Qazlal.
  5759 | D:5      | Found an iron altar of Okawaru.
  5790 | D:5      | Found a staircase to the Ecumenical Temple.
  6274 | D:6      | Reached skill level 10 in Short Blades
  6295 | D:6      | Reached skill level 1 in Invocations
  6300 | D:6      | Reached skill level 1 in Evocations
  6330 | D:6      | Reached XP level 9. HP: 42/42 MP: 9/11
  6422 | D:6      | Reached *** piety under Makhleb
  7237 | D:7      | Found Ojeihaq's Antique Weapon Boutique.
  7272 | D:7      | Bought a glowing rapier for 203 gold pieces
  7803 | D:8      | Found Wiokler's Antique Weapon Shoppe.
  7865 | D:8      | Found a staircase to the Lair.
  7892 | D:8      | Found a bloodstained altar of Trog.
  7988 | D:8      | Found a shimmering altar of Xom.
  8025 | D:8      | Reached skill level 1 in Dodging
  8025 | D:8      | Reached skill level 5 in Stealth
  8145 | D:8      | Reached **** piety under Makhleb
  8489 | D:8      | Noticed a two-headed ogre
  8499 | D:8      | Killed a two-headed ogre
  8500 | D:8      | Reached XP level 10. HP: 44/49 MP: 14/14
  8763 | D:8      | Slain by an orc warrior

Illustrated notes

Levels and vault maps discovered:
D:1:      grunt_arrival_crossed_arrows, layout_loops_cross
D:2:      layout_basic, uniq_natasha, uniq_sigmund
D:3:      layout_loops_ring, chequers_ecumenical_altar_lobes, bloody_makhleb
D:4:      layout_basic, lemuel_doored_altar, fedhas_altar_1,
          gammafunk_temple_overflow_claw, uniq_eustachio
D:5:      layout_basic, kennysheep_okawaru_gauntlet, lemuel_crystal_altar,
          minmay_temple_entry_butterflies, serial_shops, shop_coins,
          enter_ossuary_5
D:6:      layout_basic, serial_rivers, chequers_serial_rivers_large_b,
          chequers_serial_rivers_micro_c, chequers_serial_rivers_room_a,
          chequers_serial_rivers_large_a, chequers_serial_rivers_small_3,
          chequers_serial_rivers_micro_a
D:7:      layout_basic, serial_shops, nicolae_shop_competitors_out_of_business,
          minivault_5
D:8:      minmay_polygon_palace, layout_layer_cave, brannock_xom_greatest_gift,
          lemuel_round_altar, lair_entry_dummy, kennysheep_windowed_goal

Skill      XL: |  1  2  3  4  5  6  7  8  9 |
---------------+----------------------------+-----
Short Blades   | 2 3 5 6 8 10 | 10.0
Invocations    | 1 4 |  4.0
Evocations     | 1 4 |  4.0
Dodging        | 2 |  2.0
Stealth        | 6 |  6.0
Fighting       | 4 |  4.0
Throwing       | 3 |  3.8

Action                   |  1- 3 |  4- 6 |  7- 9 | 10-12 || total
-------------------------+-------+-------+-------+-------++-------
Melee: Dagger            |   152 |   177 |   796 |    61 ||  1186
       Bite              |    38 |    71 |   308 |    16 ||   433
Throw: Dart              |     2 |    24 |    27 |       ||    53
       Boomerang         |       |       |     3 |       ||     3
  Use: Scroll            |     2 |     2 |    14 |     1 ||    19
Armor: Plate armour      |   101 |    99 |   354 |    42 ||   596
       Robe              |     6 |       |       |       ||     6
Dodge: Dodged            |    18 |    30 |    58 |     5 ||   111
Block: Buckler           |     8 |    27 |    58 |       ||    93
       Kite shield       |       |       |    75 |    22 ||    97

Table legend: (Time is in decaauts)
 A = Elapsed time spent in this place.
 B = Non-inter-level travel time spent in this place.
 C = Inter-level travel time spent in this place.
 D = Time resting spent in this place.
 E = Time spent auto-exploring this place.
 F = Levels seen in this place.
 G = Mean time per level.
                   A        B        C        D        E       F      G
               +--------+--------+--------+--------+--------+-----+--------+
         Total |   8534 |   8273 |    261 |    787 |   5616 |   9 |  948.2 |
       Dungeon |   8015 |   7754 |    261 |    740 |   5291 |   8 | 1001.9 |
       Ossuary |    518 |    518 |      0 |     47 |    325 |   1 |  518.0 |
               +--------+--------+--------+--------+--------+-----+--------+

Top non-repeatable levels by time:
     D:4: 1393 daAuts
     D:2: 1236 daAuts
     D:1: 1149 daAuts
     D:8: 1034 daAuts
     D:6: 968 daAuts
     D:3: 918 daAuts
     D:5: 688 daAuts
     D:7: 625 daAuts
 Ossuary: 518 daAuts
